 Dungeon Crawl Stone Soup version 0.30-a0-709-gcdc1b43e22 (webtiles) character file.

Game seed: 4975909142896722727

878 M4edhros the Shooter (level 8, -2/72 HPs)
             Began as an Octopode Artificer on Jan 22, 2023.
             Was an Initiate of Cheibriados.
             Killed by divine providence
             ... invoked by an orc priest
              (9 damage)
             ... on level 6 of the Dungeon.
             The game lasted 00:07:03 (1654 turns).

M4edhros the Shooter (Octopode Artificer)           Turns: 1654, Time: 00:07:03

Health: -2/72      AC: 24    Str: 13    XL:     8   Next: 4%
Magic:  2/2        EV:  2    Int: 14    God:    Cheibriados [......]
Gold:   130        SH:  0    Dex: 15    Spells: 4/7 levels left

rFire   + . .      SeeInvis .    h - +7 sling of the Enfolding Bear {antimagic, rCorr}
rCold   + . .      Faith    .    (no shield)
rNeg    . . .      Spirit   .    (helmet currently unavailable)
rPois   +          Reflect  .    (no amulet)
rElec   +          Harm     .    (no ring)
rCorr   +          Rampage  .    (no ring)
Will    .....      NoTele   +    (no ring)
Stlth   +                        (no ring)
HPRegen 0.32/turn                (no ring)
MPRegen 0.08/turn                (no ring)
                                 (no ring)
                                 (no ring)

@: confused, brilliant, tree-form, resistant, hasted, quick
A: stationary, stasis, torment immunity, boosted hp, almost no armour,
(amphibious), 8 rings, (camouflage 1), (gelatinous body 1), (nimble swimmer 1),
(tentacles)
a: Renounce Religion


You were on level 6 of the Dungeon.
You worshipped Cheibriados.
Cheibriados was noncommittal.
You were a tree.
You visited 2 branches of the dungeon, and saw 7 of its levels.

You collected 130 gold pieces.

Inventory:

Hand Weapons
 h - the +7 sling of the Enfolding Bear (weapon) {antimagic, rCorr}
   (You found it on level 2 of the Dungeon)

   rCorr:     It protects you from acid and corrosion.
Missiles
 k - 10 poisoned darts
Wands
 b - a wand of flame (3)
 c - a wand of charming (9)
 d - a wand of iceblast (4)
Scrolls
 a - a scroll of immolation {unknown}
 g - 6 scrolls of identify {unknown}
 i - 2 scrolls of teleportation {unknown}
Potions
 e - a potion of lignification
 f - a potion of haste
 j - a potion of resistance


   Skills:
 - Level 1.0 Fighting
 * Level 6.8 Ranged Weapons
 - Level 2.3 Dodging
 - Level 1.3 Stealth
 - Level 2.5 Unarmed Combat
 + Level 4.3 Hexes
 - Level 3.2 Evocations


You had 4 spell levels left.
You knew the following spells:

 Your Spells              Type           Power      Damage    Failure   Level
a - Dazzling Flash        Conj/Hex       18%        N/A       36%         3

Your spell library contained the following spells:

 Spells                   Type           Power      Damage    Failure   Level
 Freeze                   Ice            0%         1d3       28%         1
 Frozen Ramparts          Ice            0%         1d1       65%         3
 Hailstorm                Conj/Ice       0%         3d3       65%         3
 Iskenderun's Mystic Bla  Conj/Tloc      0%         2d3       96%         4
 Starburst                Conj/Fire      0%         6d3       100%        6


Dungeon Overview and Level Annotations

Branches:
Dungeon (6/15)             Temple (1/1) D:6

Altars:
Ashenzari
Cheibriados
Dithmenos
Elyvilon
Fedhas
Gozag
Hepliaklqana
Kikubaaqudgha
Makhleb
Nemelex Xobeh
Okawaru
Trog
Uskayaw
Vehumet
Zin

Shops:
D:5 (

Annotations:
D:6 Pikel


Innate Abilities, Weirdness & Mutations

You are a tree.
Your roots penetrate the ground, keeping you stationary.
You cannot be teleported.
You are immune to unholy pain and torment.
Your maximum health is greatly increased.
You cannot wear most types of armour.
((You are amphibious.))
You can wear up to eight rings at the same time.
((Your skin changes colour to match your surroundings (Stealth+).))
((Your rubbery body absorbs attacks. (AC +1, EV +1)))
((You are camouflaged when in or above water. (Stealth+)))
((You have tentacles for arms and can constrict up to eight enemies at once.))


Message History

Press: ? - help, Q - select action, (/) - cycle Dir - look around, f - activate You shoot a sling bullet.
Your ice beast hits the lemure.
Your ice beast freezes the lemure!
An orc wizard comes into view. It is wielding a +0 dagger.
Non-targeted confused fire: h) +7 sling of the Enfolding Bear {antimagic, rCorr}
Press: ? - help, Q - select action, (/) - cycle Dir - look around, f - activate You shoot a sling bullet.
The lemure hits you but does no damage.
Your ice beast hits the lemure.
Your ice beast freezes the lemure!
The lemure dies!
Something hits you but does no damage.
Non-targeted confused fire: h) +7 sling of the Enfolding Bear {antimagic, rCorr}
Press: ? - help, Q - select action, (/) - cycle Dir - look around, f - activate You shoot a sling bullet.
Something hits you but does no damage.
An orc comes into view. It is wielding a +0 short sword.
Non-targeted confused fire: h) +7 sling of the Enfolding Bear {antimagic, rCorr}
Press: ? - help, Q - select action, (/) - cycle Dir - look around, f - activate You shoot a sling bullet.
The sling bullet closely misses the orc priest.
What are your orders? t - Creak!
Anything else - Cancel.
Okay, then.
Non-targeted confused fire: h) +7 sling of the Enfolding Bear {antimagic, rCorr}
Press: ? - help, Q - select action, (/) - cycle Dir - look around, f - activate You shoot a sling bullet.
You hear some strange, mumbled words.
You are more confused.
The orc wizard gestures wildly while chanting.
The orc wizard flickers and vanishes!
Your ice beast hits the orc priest but does no damage.
Unknown command.
Non-targeted confused fire: h) +7 sling of the Enfolding Bear {antimagic, rCorr}
Press: ? - help, Q - select action, (/) - cycle Dir - look around, f - activate Look: an orc priest, wielding a +0 short sword (ally target)
You shoot a sling bullet.
Pikel hits your ice beast with a +1 whip of freezing.
The orc priest invokes the aid of Beogh against you.
Beogh smites you!
You die...

... #... ...... ##...##
.(....###.....
#...o##..... #........# ##
##...{)..## .#
#...##†55.## .####
##.....5K{o.### ..P.#
#........Y♣...#
P...###.........##.....#
....##........### #.###
>...#........## #..#
.P..#..>.....## ##.#
PP............####..## #
..P..[...#..#........## .#
...###.......#........##.#
..###)...PP......#.......#


You could see Pikel, 3 lemures, an orc priest (ally target), an orc and a
friendly ice beast (charmed).

Vanquished Creatures
  Sigmund (D:4)
  Menkaure (D:5)
  A water moccasin (D:5)
  An ice beast (D:5)
  A scorpion (D:6)
  An oklob sapling (D:6)
  3 hounds
  An orc priest (D:6)
  An iguana (D:5)
  An orc wizard (D:6)
  4 adders
  A white imp (D:6)
  5 dart slugs
  8 orcs
  4 endoplasms
  2 giant cockroaches (D:2)
  4 goblins
  5 hobgoblins
  2 jackals (D:2)
  3 quokkas
  4 ball pythons
  2 bats (D:1)
  A frilled lizard (D:2)
  4 kobolds
  2 rats
63 creatures vanquished.

Vanquished Creatures (collateral kills)
  A lemure (D:6)
  An orc wizard (D:6)
  A dart slug (D:5)
  4 orcs
7 creatures vanquished.

Vanquished Creatures (others)
  An adder (D:6)
  An ufetubus (D:6)
  11 plants (D:6)
13 creatures vanquished.

Grand Total: 83 creatures vanquished

Notes
Turn   | Place    | Note
-------+----------+-------------------------------------------
     0 | D:1      | M4edhros the Octopode Artificer began the quest for the
                  | Orb.
     0 | D:1      | Reached XP level 1. HP: 13/13 MP: 1/1
   195 | D:1      | Reached skill level 1 in Unarmed Combat
   269 | D:1      | Found a faded altar of an unknown god.
   281 | D:1      | Reached XP level 2. HP: 12/18 MP: 2/2
   437 | D:2      | Reached XP level 3. HP: 23/23 MP: 3/3
   486 | D:2      | Identified the +7 sling of the Enfolding Bear {antimagic,
                  | rCorr}
   565 | D:3      | Reached skill level 1 in Ranged Weapons
   679 | D:4      | Reached skill level 2 in Ranged Weapons
   701 | D:4      | Reached XP level 4. HP: 28/28 MP: 1/4
   720 | D:4      | Learned a level 3 spell: Dazzling Flash
   758 | D:4      | Noticed Sigmund
   769 | D:4      | Killed Sigmund
   770 | D:4      | Reached skill level 4 in Ranged Weapons
   770 | D:4      | Reached XP level 5. HP: 4/33 MP: 1/5
   809 | D:4      | Reached XP level 6. HP: 16/38 MP: 2/6
   943 | D:5      | Entered Level 5 of the Dungeon
  1001 | D:5      | Noticed a water moccasin
  1008 | D:5      | Killed a water moccasin
  1097 | D:5      | Noticed an ice beast
  1104 | D:5      | Killed an ice beast
  1105 | D:5      | Reached skill level 5 in Ranged Weapons
  1105 | D:5      | Reached XP level 7. HP: 32/43 MP: 2/7
  1158 | D:5      | Found Xaybb's Weapon Shoppe.
  1211 | D:5      | Noticed Menkaure
  1219 | D:5      | Killed Menkaure
  1235 | D:5      | Reached skill level 6 in Ranged Weapons
  1388 | D:6      | Found a staircase to the Ecumenical Temple.
  1564 | Temple   | Entered the Ecumenical Temple
  1584 | Temple   | Became a worshipper of Cheibriados the Contemplative
  1636 | D:6      | Reached XP level 8. HP: 17/48 MP: 2/8
  1643 | D:6      | Noticed Pikel
  1654 | D:6      | Killed from afar by an orc priest

Illustrated notes

Levels and vault maps discovered:
D:1:      kilobyte_arrival_exit_the_forest, layout_basic,
          dreamdust_ecumenical_altar_statues
D:2:      wander_river, layout_loops_ring, minivault_23
D:3:      layout_rooms, serial_shops, nicolae_shop_competitors_out_of_business,
          minmay_strange_pillars
D:4:      layout_cave_pools, kennysheep_generic_room_16, uniq_sigmund,
          uniq_crazy_yiuf_cottage
D:5:      layout_cave_pods, serial_shops, nicolae_shop_trees, uniq_menkaure
D:6:      layout_layer_cave, amcnicky_altar_gilded, minmay_temple_entry_oklob,
          dreamdust_mushroom_princess, uniq_pikel
Temple:   nicolae_temple_bog_church

Skill      XL: |  1  2  3  4  5  6  7 |
---------------+----------------------+-----
Unarmed Combat | 1 2 |  2.5
Ranged Weapons | 2 4 5 6 |  6.8
Hexes          | 2 3 4 |  4.3
Fighting       | |  1.0
Dodging        | |  2.3
Stealth        | |  1.3
Evocations     | |  3.2

Action                     |  1- 3 |  4- 6 |  7- 9 || total
---------------------------+-------+-------+-------++-------
  Melee: Unarmed           |    42 |       |       ||    42
         Constrict         |    16 |       |       ||    16
         Tentacles         |    12 |       |       ||    12
   Fire: Sling             |    21 |    37 |    86 ||   144
  Evoke: Wand              |       |     9 |    10 ||    19
    Use: Potion            |       |       |     4 ||     4
   Stab: Sleeping          |     5 |       |       ||     5
 Armour: Skin              |    11 |       |     5 ||    16
  Dodge: Dodged            |    39 |     7 |    15 ||    61

Table legend: (Time is in decaauts)
 A = Elapsed time spent in this place.
 B = Non-inter-level travel time spent in this place.
 C = Inter-level travel time spent in this place.
 D = Time resting spent in this place.
 E = Time spent auto-exploring this place.
 F = Levels seen in this place.
 G = Mean time per level.
                   A        B        C        D        E       F      G
               +--------+--------+--------+--------+--------+-----+--------+
         Total |   1681 |   1555 |    126 |    130 |    534 |   7 |  240.1 |
       Dungeon |   1637 |   1535 |    102 |    130 |    534 |   6 |  272.8 |
        Temple |     44 |     21 |     23 |      0 |      0 |   1 |   44.0 |
               +--------+--------+--------+--------+--------+-----+--------+

Top non-repeatable levels by time:
     D:5: 427 daAuts
     D:1: 339 daAuts
     D:4: 277 daAuts
     D:6: 254 daAuts
     D:2: 219 daAuts
     D:3: 119 daAuts
  Temple: 44 daAuts
